 Dungeon Crawl Stone Soup version 0.21.0-3-g78d12a8bdd (webtiles) character file.

1173 Bapho the Carver (level 8, 0/66 HPs)
             Began as a Minotaur Abyssal Knight on Jan 12, 2018.
             Was a Priest of Lugonu.
             Succumbed to a killer bee's poison
             ... on level 5 of the Dungeon.
             The game lasted 00:10:54 (6786 turns).

Bapho the Carver (Minotaur Abyssal Knight)          Turns: 6786, Time: 00:10:54

Health: 0/66       AC: 10    Str: 19    XL:     8   Next: 18%
Magic:  10/10      EV:  5    Int:  9    God:    Lugonu [***...]
Gold:   127        SH:  0    Dex: 10    Spells: 7/7 levels left

rFire    . . .     SeeInvis .   y - +0 great sword
rCold    . . .     Gourm    .   (shield currently unavailable)
rNeg     . . .     Faith    .   s - +0 plate armour
rPois    .         Spirit   .   (helmet restricted)
rElec    .         Reflect  .   (no cloak)
rCorr    .         Harm     .   (no gloves)
MR       .....                  (no boots)
Stlth    ..........             (no amulet)
HPRegen  0.21/turn              (no ring)
MPRegen  0.12/turn              (no ring)

@: lethally poisoned (0 -> -6), extremely drained
A: retaliatory headbutt, horns 2
a: Depart the Abyss, Bend Space, Banish, Renounce Religion


You were on level 5 of the Dungeon.
You worshipped Lugonu.
Lugonu was most pleased with you.
You were hungry.

You visited 1 branch of the dungeon, and saw 5 of its levels.
You visited the Abyss 1 time.

You collected 127 gold pieces.

Inventory:

Hand Weapons
 a - a +1 falchion
 j - a +0 long sword
 y - a +0 great sword (weapon)
Missiles
 i - 49 arrows
 m - 121 stones (quivered)
 x - 19 bolts
Armour
 b - a +0 leather armour
 n - a +0 scale mail
 s - a +0 plate armour (worn)
Jewellery
 v - an uncursed amulet of regeneration {unknown}
Wands
 k - a wand of digging (11)
 o - a wand of flame (24)
 A - a wand of iceblast (3)
Scrolls
 d - a scroll of noise {unknown}
 g - 2 scrolls of random uselessness {unknown}
 w - a scroll of fear {unknown}
Potions
 e - a potion of ambrosia {unknown}
 f - a potion of flight
 l - 3 potions of brilliance {unknown}
 p - a potion of berserk rage {unknown}
 q - 3 potions of curing
 r - a potion of haste {unknown}
 t - a potion of invisibility {unknown}
Books
 u - a book of Misfortune

   Spells                             Type                      Level
   a - Confusing Touch                Hexes                        1
   b - Confuse                        Hexes                        3
   c - Gell's Gravitas                Translocation                3
   d - Petrify                        Transmutation/Earth          4
   e - Metabolic Englaciation         Hexes/Ice                    5
   f - Yara's Violent Unravelling     Hexes/Transmutation          5
Comestibles
 c - 6 rations


   Skills:
 - Level 4.1(0.0) Fighting
 * Level 10.4(2.8) Long Blades
 - Level 2.5(0.0) Armour
 - Level 1.1(0.0) Dodging
 - Level 4.6(0.0) Invocations


You had 7 spell levels left.
You didn't know any spells.

Dungeon Overview and Level Annotations

Branches:
Dungeon (5/15)
 Temple: D:4-7

Altars:
Ashenzari
Elyvilon
Hepliaklqana
Nemelex Xobeh
Ru
Sif Muna
Trog
Yredelemnul
The Shining One

Shops:
D:4 !


Innate Abilities, Weirdness & Mutations

You reflexively headbutt those who attack you in melee.
You have a pair of horns on your head.


Message History

The killer bee stings you but does no damage. x3
You closely miss the killer bee.
The killer bee is severely wounded.
You feel sick. The killer bee stings you.
* * * LOW HITPOINT WARNING * * *
You are lethally poisoned!
The killer bee poisons you!
The killer bee stings you but does no damage. x2
You miss the killer bee. Your headbutt misses the killer bee.
The killer bee is severely wounded.
* * * LOW HITPOINT WARNING * * *
You feel sick. The killer bee stings you.
* * * LOW HITPOINT WARNING * * *
The killer bee barely misses you. You furiously retaliate!
You headbutt the killer bee, but do no damage.
The killer bee stings you.
* * * LOW HITPOINT WARNING * * *
You closely miss the killer bee.
The killer bee is severely wounded.
You die...

#.#####.####### ######.#
#........# #......# #..#####.#
#.###### #..# #.# ###.#
#..#####.############
..#.#########....................
.>............######.####.....###
..#.#######..#######.####.....# #
..........(..yyy@............># #
..#.########.y######.###......#
..#...........# #.##....##.#
........####..## #.##.......# #
.........# #...# #.##.....### #
.........# #.#.#####.###.##.# #
.........###.#.##....# #.##.# #
.............#.##.#### #.##.# ###
........<....#.......###.##.# #..


You could see 4 killer bees.

Vanquished Creatures
  The ghost of Leisha the Skirmisher, an amateur OgBe of Trog (D:3)
  Duvessa (D:5)
  An ice beast (D:5)
  An orc warrior (D:4)
  2 ogres
  Dowan (D:5)
  A jelly (D:5)
  Jessica (D:2)
  2 iguanas
  3 orc wizards
  4 worker ants
  4 gnolls
  4 adders
  A shadow imp (D:5)
  2 oozes
  An adder skeleton (D:4)
  2 worms
  3 dart slugs
  4 leopard geckos
  8 orcs
  A ball python (D:2)
  5 bats
  7 giant cockroaches
  5 goblins
  7 hobgoblins
  10 jackals
  4 quokkas
  7 frilled lizards
  10 kobolds
  7 rats
110 creatures vanquished.

Notes
Turn   | Place    | Note
-------+----------+-------------------------------------------
     0 | Abyss:1  | Bapho the Minotaur Abyssal Knight began the quest for the Orb.
     0 | Abyss:1  | Reached XP level 1. HP: 19/19 MP: 1/1
    59 | Abyss:1  | Noticed a small abomination
    59 | D:1      | Escaped the Abyss
    89 | D:1      | Reached * piety under Lugonu
   223 | D:1      | Reached XP level 2. HP: 27/27 MP: 2/2
   367 | D:1      | Reached skill level 3 in Long Blades
   528 | D:1      | Reached XP level 3. HP: 16/33 MP: 3/3
  1232 | D:2      | Noticed Jessica
  1245 | D:2      | Killed Jessica
  1245 | D:2      | Reached skill level 4 in Long Blades
  1245 | D:2      | Reached XP level 4. HP: 40/40 MP: 4/4
  1273 | D:2      | Found a shattered altar of Ashenzari.
  1335 | D:2      | Found a glowing golden altar of the Shining One.
  1667 | D:2      | Reached ** piety under Lugonu
  1939 | D:2      | Found a bloodstained altar of Trog.
  2174 | D:3      | Noticed Leisha's ghost (amateur OgBe)
  2229 | D:3      | Found a hazy altar of Hepliaklqana.
  2282 | D:3      | Reached skill level 5 in Long Blades
  2282 | D:3      | Reached XP level 5. HP: 35/46 MP: 6/6
  3180 | D:3      | Killed Leisha's ghost
  3180 | D:3      | Reached skill level 6 in Long Blades
  3180 | D:3      | Reached XP level 6. HP: 10/52 MP: 7/7
  3780 | D:4      | Reached skill level 7 in Long Blades
  4213 | D:4      | Found a sparkling altar of Nemelex Xobeh.
  4214 | D:4      | Found Loadeuq's Distillery.
  4607 | D:5      | Entered Level 5 of the Dungeon
  4739 | D:5      | Noticed an ice beast
  4750 | D:5      | Killed an ice beast
  4750 | D:5      | Reached XP level 7. HP: 59/59 MP: 9/9
  5062 | D:5      | Reached skill level 8 in Long Blades
  5530 | D:5      | Found a sacrificial altar of Ru.
  5806 | D:4      | Reached skill level 9 in Long Blades
  6072 | D:5      | Found a basalt altar of Yredelemnul.
  6104 | D:5      | Reached *** piety under Lugonu
  6104 | D:5      | Reached XP level 8. HP: 32/66 MP: 10/10
  6285 | D:5      | Noticed Dowan
  6287 | D:5      | Noticed Duvessa
  6300 | D:5      | Killed Duvessa
  6300 | D:5      | Reached skill level 10 in Long Blades
  6327 | D:5      | Killed Dowan
  6413 | D:5      | Found a white marble altar of Elyvilon.
  6695 | D:5      | Found a deep blue altar of Sif Muna.
  6781 | D:5      | HP: 2/66 [killer bee (3)]
  6786 | D:5      | Succumbed to a killer bee's poison

Skill      XL: |  1  2  3  4  5  6  7  8 |
---------------+-------------------------+-----
Fighting       | 4 |  4.1
Invocations    | 2 3 4 |  4.6
Long Blades    | 3 4 5 6 7 9 10 | 10.4
Armour         | |  2.5
Dodging        | |  1.1

Action                   |  1- 3 |  4- 6 |  7- 9 || total
-------------------------+-------+-------+-------++-------
Melee: Falchion          |    71 |       |       ||    71
       Headbutt          |     7 |    30 |    25 ||    62
       Long sword        |     8 |   120 |       ||   128
       Great sword       |       |    38 |   140 ||   178
Throw: Stone             |       |    88 |    44 ||   132
Invok: Depart the Abyss  |     1 |       |       ||     1
  Use: Scroll            |       |     3 |       ||     3
       Potion            |       |       |     3 ||     3
  Eat: Chunk             |     1 |    11 |     6 ||    18
Armor: Leather armour    |    21 |       |       ||    21
       Scale mail        |       |    26 |       ||    26
       Plate armour      |       |    67 |   123 ||   190
Dodge: Dodged            |    40 |    46 |    42 ||   128
       Rpst.: Falchion   |    11 |       |       ||    11
       Long sword        |     1 |     8 |       ||     9
       Great sword       |       |     4 |    12 ||    16
